 Dungeon Crawl Stone Soup version 0.30-a0-760-g5a9884bb7c (webtiles) character file.

Game seed: 1248599373270008909

1825 avis the Skirmisher (level 8, -1/66 HPs)
             Began as a Demigod Hunter on Feb 11, 2023.
             Slain by a gnoll
             ... wielding a +0 club
             ... led by a gnoll sergeant
              (4 damage)
             ... on level 6 of the Dungeon.
             The game lasted 00:34:26 (6194 turns).

avis the Skirmisher (Demigod Hunter)                Turns: 6194, Time: 00:34:26

Health: -1/66      AC:  7    Str: 12    XL:     8   Next: 55%
Magic:  10/10      EV: 15    Int: 11    God:
Gold:   4          SH:  0    Dex: 33    Spells: 7/7 levels left

rFire   + . .      SeeInvis .    a - +0 shortbow
rCold   + . .      Faith    .    (shield currently unavailable)
rNeg    . . .      Spirit   .    o - +1 leather armour of Love and Death {Regen+ Dex+2}
rPois   +          Reflect  .    D - +0 helmet
rElec   +          Harm     .    J - +0 cloak
rCorr   +          Rampage  .    H - +0 pair of gloves
Will    .....                    (no boots)
Stlth   +++                      (no amulet)
HPRegen 1.11/turn                v - +6 ring of dexterity
MPRegen 0.12/turn                (no ring)

@: lethally poisoned (-1 -> -1), resistant
A: high MP 1, forlorn, divine attributes
a: no special abilities


You were on level 6 of the Dungeon.
You visited 1 branch of the dungeon, and saw 7 of its levels.

You collected 285 gold pieces.
You spent 281 gold pieces at shops.

Inventory:

Hand Weapons
 a - a +0 shortbow (weapon)
 b - the +5 falchion of Urgency {speed, *Rage rElec rC+}
   (You found it on level 3 of the Dungeon)

   rC:        It protects you from cold.
   rElec:     It insulates you from electricity.
   *Rage:     It berserks you when you make melee attacks (+20% chance).
 f - a +0 sling
 w - a +3 sling
 y - a +0 flail of protection
 A - the +9 battleaxe "Zeilul" {heavy, rPois rCorr Dex+2}
   (You found it on level 4 of the Dungeon)

   Dex:       It affects your dexterity (+2).
   rPois:     It protects you from poison.
   rCorr:     It protects you from acid and corrosion.
 C - a +1 whip of flaming
 I - a +2 flail of holy wrath
Missiles
 c - 6 poisoned darts
 u - 3 curare-tipped darts
 x - 6 javelins
Armour
 i - a +0 cloak
 o - the +1 leather armour of Love and Death (worn) {Regen+ Dex+2}
   (You found it on level 2 of the Dungeon)

   Dex:       It affects your dexterity (+2).
   Regen:     It increases your rate of health regeneration.
 D - a +0 helmet (worn)
 H - a +0 pair of gloves (worn)
 J - a +0 cloak (worn)
Jewellery
 v - a +6 ring of dexterity (left hand)
Wands
 G - a wand of acid (6)
Scrolls
 d - a scroll of poison {unknown}
 e - 8 scrolls of teleportation {unknown}
 g - 5 scrolls of vulnerability {unknown}
 h - a scroll of acquirement {unknown}
 j - 4 scrolls of amnesia {unknown}
 l - 2 scrolls of enchant weapon {unknown}
 n - a scroll of fog {unknown}
 p - 2 scrolls of enchant armour {unknown}
 q - 6 scrolls of noise {unknown}
 s - a scroll of torment {unknown}
 t - 3 scrolls of immolation
 z - a scroll of fear {unknown}
 F - a scroll of silence {unknown}
Potions
 k - 2 potions of mutation
 m - 2 potions of brilliance
 r - a potion of degeneration {unknown}
 B - a potion of might
 E - a potion of resistance
 K - a potion of berserk rage {unknown}


   Skills:
 - Level 4.0 Fighting
 - Level 10.0 Ranged Weapons
 * Level 3.9 Dodging
 - Level 1.0 Stealth


You had 7 spell levels left.
You didn't know any spells.
Your spell library contained the following spells:

 Spells                   Type           Power      Damage    Failure   Level
 Apportation              Tloc           0%         N/A       41%         1
 Necrotise                Necr           0%         1d4       41%         1
 Summon Small Mammal      Summ           0%         N/A       41%         1
 Cigotuvi's Dreadful Rot  Necr/Pois/Air  0%         N/A       56%         2
 Poisonous Vapours        Pois/Air       0%         N/A       56%         2
 Hailstorm                Conj/Ice       0%         3d3       80%         3
 Mephitic Cloud           Conj/Pois/Air  0%         N/A       80%         3
 Ice Form                 Ice/Tmut       0%         N/A       99%         4
 Simulacrum               Ice/Necr       0%         N/A       100%        6


Dungeon Overview and Level Annotations

Branches:
Dungeon (7/15)             Temple (0/1) D:6

Shops:
D:3 =(?*?

Annotations:
D:3 1 runed translucent door, exclusion: door, Crazy Yiuf


Innate Abilities, Weirdness & Mutations

You have an increased reservoir of magic. (+10% MP)
You shall have no god before yourself.
Your divine heritage dramatically boosts your attributes as you level up.


Message History

You climb upwards.
You feel very sick.
There is a stone staircase leading down here.
Okay, then.
It was a potion of resistance.
You feel protected.
You feel very sick. The gnoll hits you with a +0 flail.
* * * LOW HITPOINT WARNING * * *
The gnoll hits you but does no damage.
Fire: a) +0 shortbow
Press: ? - help, Q - select action, (/) - cycle Shift-Dir - straight line, f - gnoll
Aim: a gnoll, wielding a +0 flail (76% to hit)
You shoot an arrow.
The arrow hits the gnoll but does no damage.
You feel sick. The gnoll completely misses you. The gnoll misses you.
Fire: a) +0 shortbow
Press: ? - help, Q - select action, (/) - cycle Shift-Dir - straight line, f/p - gnoll
Aim: a gnoll, wielding a +0 flail (76% to hit)
You shoot an arrow.
The arrow hits the gnoll but does no damage.
You feel sick. The gnoll misses you. The gnoll closely misses you.
Fire: a) +0 shortbow
Press: ? - help, Q - select action, (/) - cycle Shift-Dir - straight line, f/p - gnoll
Aim: a gnoll, wielding a +0 flail (76% to hit)
You shoot an arrow. The arrow hits the gnoll.
The gnoll is heavily wounded.
You feel sick. The gnoll hits you but does no damage. The gnoll misses you.
Fire: a) +0 shortbow
Press: ? - help, Q - select action, (/) - cycle Shift-Dir - straight line, f/p - gnoll
Aim: a gnoll, wielding a +0 flail (heavily wounded, 76% to hit)
You shoot an arrow. The arrow barely misses the gnoll.
You feel sick. The gnoll completely misses you. The gnoll misses you.
Fire: a) +0 shortbow
Press: ? - help, Q - select action, (/) - cycle Shift-Dir - straight line, f/p - gnoll
Aim: a gnoll, wielding a +0 flail (heavily wounded, 76% to hit)
You shoot an arrow. The arrow hits the gnoll!
You kill the gnoll!
You feel sick. The gnoll hits you with a +0 club.
You die...

# ###################
# #................<#
#
#.###############<####
## #.#
#@)...........###. #.#
##g.#............( #.#
##...######)##.## #.#
#.#......)(..... #.#
#.#.##..##.##.#. #.#
####.#.##...#....#.
#.#
#....#.##.#...##...
#.#
#....#.##.###....##
#.# #....#.##.#
#..#...


You could see a gnoll.

Vanquished Creatures
  Menkaure (D:6)
  A water moccasin (D:6)
  A black bear (D:5)
  An ice beast (D:5)
  2 ogres
  A phantom (D:5)
  A kobold brigand (D:6)
  2 bullfrogs (D:6)
  A necrophage (D:4)
  4 howler monkeys
  3 hounds
  2 orc priests
  3 jellies
  4 iguanas
  3 orc wizards
  Robin (D:4)
  10 gnolls
  11 adders
  A shadow imp (D:6)
  2 white imps
  2 ufetubi
  3 worms
  2 dart slugs
  10 orcs
  2 bats (D:3)
  8 endoplasms
  5 giant cockroaches
  13 hobgoblins
  7 jackals
  3 quokkas
  10 ball pythons
  3 frilled lizards (D:2)
  12 goblins
  13 kobolds
  11 rats
159 creatures vanquished.

Notes
Turn   | Place    | Note
-------+----------+-------------------------------------------
     0 | D:1      | avis the Demigod Hunter began the quest for the Orb.
     0 | D:1      | Reached XP level 1. HP: 17/17 MP: 3/3
   249 | D:1      | Reached skill level 4 in Ranged Weapons
   259 | D:1      | Reached XP level 2. HP: 24/24 MP: 4/4
   285 | D:1      | Reached skill level 1 in Stealth
   735 | D:2      | Reached XP level 3. HP: 24/30 MP: 5/5
  1195 | D:2      | Identified the +1 leather armour of Love and Death {Regen+
                  | Dex+2}
  1500 | D:3      | Found Segher's Magic Scroll Shoppe.
  1510 | D:3      | Reached XP level 4. HP: 38/38 MP: 6/6
  1636 | D:3      | Reached skill level 5 in Ranged Weapons
  1653 | D:3      | Bought a scroll of identify for 26 gold pieces
  1653 | D:3      | Bought a scroll of identify for 26 gold pieces
  1653 | D:3      | Bought a scroll of identify for 26 gold pieces
  1829 | D:3      | Found Xesayx's Magic Scroll Boutique.
  1893 | D:3      | Found a runed translucent door.
  1894 | D:3      | Noticed Crazy Yiuf
  2075 | D:3      | Found Huwk's Weapon Shoppe.
  2127 | D:3      | Found Hurchitewn's General Store.
  2193 | D:3      | Reached XP level 5. HP: 45/45 MP: 7/7
  2408 | D:3      | Identified the +5 falchion of Urgency {speed, *Rage rElec
                  | rC+}
  2499 | D:3      | Found Ixem's Jewellery Boutique.
  2840 | D:4      | Reached skill level 6 in Ranged Weapons
  3167 | D:4      | Noticed Robin
  3169 | D:4      | Killed Robin
  3201 | D:4      | Reached XP level 6. HP: 51/51 MP: 8/8
  3218 | D:4      | Identified the +9 battleaxe "Zeilul" {heavy, rPois rCorr
                  | Dex+2}
  3809 | D:5      | Entered Level 5 of the Dungeon
  4006 | D:5      | Reached skill level 7 in Ranged Weapons
  4006 | D:5      | Reached XP level 7. HP: 57/57 MP: 9/9
  4293 | D:5      | Reached skill level 8 in Ranged Weapons
  5027 | D:6      | Found a staircase to the Ecumenical Temple.
  5028 | D:6      | Noticed Menkaure
  5041 | D:6      | HP: 3/88 [Menkaure (17)]
  5047 | D:6      | Killed Menkaure
  5065 | D:6      | Reached XP level 8. HP: 35/66 MP: 10/10
  5079 | D:6      | Reached skill level 9 in Ranged Weapons
  5357 | D:3      | Bought a +3 sling for 203 gold pieces
  6008 | D:7      | Reached skill level 10 in Ranged Weapons
  6194 | D:6      | HP: 3/66 [poisoned by a gnoll sergeant]
  6194 | D:6      | Slain by a gnoll

Illustrated notes

Levels and vault maps discovered:
D:1:      ncdulo_lavacross, layout_loops_ring
D:2:      layout_loops_cross, chequers_serial_rivers_micro_d,
          minmay_split_cup_small
D:3:      layout_loops_cross, evilmike_ruin_ashenzari, serial_shops,
          nicolae_shop_hallway_plus, nicolae_shop_hallway_plus, shop,
          nicolae_lakefront_shop, shop_scrolls, grunt_decor_one_mirror,
          grunt_ministairs_12, minmay_goblin_kobold_house,
          uniq_crazy_yiuf_cottage
D:4:      layout_loops_corners, uniq_robin
D:5:      black_bear_nest_2, layout_loops_ring, roderic_roman_lattice
D:6:      layout_basic, minmay_temple_entry_ruins, uniq_menkaure
D:7:      layout_layer_cave, mainiacjoe_overflow_concentric_impassable,
          item_on_display_a

Skill      XL: |  1  2  3  4  5  6  7  8 |
---------------+-------------------------+-----
Fighting       | 2 3 4 |  4.0
Ranged Weapons | 4 5 6 7 8 10 | 10.0
Dodging        | 2 3 |  3.9
Stealth        | 1 |  1.0

Action                     |  1- 3 |  4- 6 |  7- 9 || total
---------------------------+-------+-------+-------++-------
   Fire: Shortbow          |   102 |   241 |   162 ||   505
         Sling             |       |       |    19 ||    19
    Use: Scroll            |       |     5 |       ||     5
         Potion            |       |       |     5 ||     5
 Armour: Leather armour    |     9 |    48 |    17 ||    74
         Skin              |       |       |    42 ||    42
  Dodge: Dodged            |    26 |    99 |    61 ||   186

Table legend: (Time is in decaauts)
 A = Elapsed time spent in this place.
 B = Non-inter-level travel time spent in this place.
 C = Inter-level travel time spent in this place.
 D = Time resting spent in this place.
 E = Time spent auto-exploring this place.
 F = Levels seen in this place.
 G = Mean time per level.
                   A        B        C        D        E       F      G
               +--------+--------+--------+--------+--------+-----+--------+
         Total |   6303 |   5522 |    781 |    542 |   3534 |   7 |  900.4 |
       Dungeon |   6303 |   5522 |    781 |    542 |   3534 |   7 |  900.4 |
               +--------+--------+--------+--------+--------+-----+--------+

Top non-repeatable levels by time:
     D:4: 1319 daAuts
     D:3: 1118 daAuts
     D:6: 1087 daAuts
     D:5: 1070 daAuts
     D:1: 835 daAuts
     D:2: 815 daAuts
     D:7: 56 daAuts
